Map: Radhuset Station LE

Players

Tardos - Winner!

  • Race: Zerg Zerg
  • League: Diamond
  • Spawn Location: 1:00

SubN

  • Race: Zerg Zerg
  • League: Diamond
  • Spawn Location: 7:00

VOD

Have the link to the VOD?

Description

Time

  • Played on: Dec. 18, 2023, 5:37 p.m.
  • Length: 4:29
Show
View Real Time Build Order
Export as new Build Order

Tardos Zerg - Winner!

Build Orders: Hatch First 

Get SALT Encoding   

  12  0:00  Drone  
  13  0:10  Drone  
  14  0:14  Extractor  
  14  0:15  Drone  
  15  0:38  Hatchery  
  14  0:43  Extractor  
  14  0:44  Drone  
  15  0:59  Spawning Pool  
  14  1:05  Overlord  
  14  1:08  Extractor  
  14  1:10  Drone  
  14  1:24  Drone x2  
  16  1:28  Drone  
  17  1:47  Queen  
  17  1:49  Queen  
  17  1:52  Zergling x2  
  17  1:53  Zergling x2  
  23  1:55  Zergling x2  
  23  2:00  Drone  
  25  2:06  Drone  
  26  2:11  Drone x2  
  28  2:23  Overlord  
  28  2:35  Metabolic Boost  
  28  2:46  Zergling x2  
  28  2:47  Zergling x8  
  32  3:04  Zergling x12  
  36  3:19  Roach Warren  
  35  3:20  Overlord  
  35  3:28  Drone x2, Evolution Chamber  
  36  3:46  Drone x2  
  36  3:47  Drone x2  
  40  3:53  Drone  
  41  3:57  Spine Crawler  
  41  4:02  Drone x2  
  42  4:05  Drone  
  42  4:07  Drone  
  44  4:19  Spine Crawler  
Show
View Real Time Build Order
Export as new Build Order

SubN Zerg 

Build Orders: Pool First 

Get SALT Encoding   

  12  0:00  Drone  
  13  0:12  Overlord  
  13  0:17  Drone  
  14  0:30  Drone x2  
  14  0:35  Drone  
  17  0:39  Extractor  
  16  0:45  Drone  
  17  0:51  Spawning Pool  
  17  0:55  Drone  
  17  1:06  Drone  
  18  1:22  Hatchery  
  17  1:27  Drone  
  17  1:29  Drone  
  19  1:39  Metabolic Boost  
  19  1:48  Queen  
  21  2:01  Overlord  
  21  2:05  Overlord  
  21  2:08  Drone  
  22  2:24  Zergling x4  
  24  2:38  Zergling x4  
  24  2:44  Spine Crawler  
  25  2:45  Zergling x4  
  26  3:08  Drone x5  
  31  3:13  Lair  
  31  3:24  Hatchery  
  25  3:47  Drone x3  
  25  3:48  Drone x5  
  35  4:09  Roach Warren  
  34  4:12  Evolution Chamber  
  33  4:19  Evolution Chamber  
Tags
 
Add a new tag
Caveats
  • Supply blocks, unpowered buildings, or Contaminate may cause inaccurate times.
  • Supply counts are checked every 10 seconds.